 Dungeon Crawl Stone Soup version bcrawl-1.23.3-19-gdc5968f444 (webtiles) character file.

Game seed: 5875655698065297807

648 Morbidden the Ruffian (level 7, 0/66 HPs)
             Began as a Troll Sloth Apostle on June 9, 2020.
             Was a Believer of Cheibriados.
             Slain by an ice beast (4 damage)
             ... on level 5 of the Dungeon.
             The game lasted 00:04:34 (3109 turns).

Morbidden the Ruffian (Troll Sloth Apostle)         Turns: 3109, Time: 00:04:34

Health: 0/66       AC:  7    Str: 26    XL:     7   Next: 27%
Magic:  9/9        EV: 11    Int: 16    God:    Cheibriados [**....]
Gold:   256        SH:  0    Dex: 14    Spells: 9/10 levels left

rFire    . . .     SeeInvis .     - Unarmed
rCold    . . .     Gourm    +   (no shield)
rNeg     . . .     Faith    .   (armour unavailable)
rPois    .         Spirit   .   (helmet restricted)
rElec    .         Reflect  .   (no cloak)
rCorr    .         Harm     .   (gloves unavailable)
MR       +....                  (boots unavailable)
Stlth    ++........             (no amulet)
HPRegen  0.61/turn              d - ring of protection from magic
MPRegen  0.11/turn              (no ring)

@: very slow
A: large, almost no armour, unfitting armour, claws 3, fast metabolism 3,
gourmand, regeneration 1, AC +7
a: Bend Time, Renounce Religion


You were on level 5 of the Dungeon.
You worshipped Cheibriados.
Cheibriados was pleased with you.
You were completely stuffed.

You visited 1 branch of the dungeon, and saw 5 of its levels.

You collected 256 gold pieces.

Inventory:

Missiles
 k - 102 javelins (quivered)
Jewellery
 d - a ring of protection from magic (left claw)
 r - an uncursed amulet of guardian spirit {unknown}
Wands
 b - a wand of paralysis (9)
Scrolls
 a - 9 scrolls of identify
 c - a scroll of enchant weapon {unknown}
 g - 3 scrolls of immolation {unknown}
 h - 5 scrolls of teleportation {unknown}
 i - 3 scrolls of amnesia {unknown}
 j - 8 scrolls of remove curse
 l - a scroll of fear {unknown}
 m - a scroll of enchant armour {unknown}
 o - 2 scrolls of fog {unknown}
 q - a scroll of magic mapping {unknown}
Potions
 f - 4 potions of heal wounds {unknown}
 p - a potion of curing {unknown}
 s - 2 potions of degeneration {unknown}
Comestibles
 e - 12 rations {!d}


   Skills:
 * Level 2.8 Fighting
 * Level 2.5 Dodging
 + Level 2.6 Stealth
   Level 1.2 Shields
 + Level 4.4 Unarmed Combat
 * Level 2.2 Spellcasting
 + Level 1.1 Hexes
 * Level 2.2 Invocations
 + Level 0.6 Evocations


You had 9 spell levels left.
You knew the following spells:

 Your Spells              Type           Power        Failure   Level  Hunger
a - Slow                  Hex            #.......     13%         1    #......
Your spell library was empty.

Dungeon Overview and Level Annotations

Branches:
Dungeon (5/12)
 Temple: D:4-7

Altars:
Dithmenos
Makhleb
Qazlal
Xom
The Shining One

Shops:
D:4 [

Annotations:
D:3 1 runed translucent door, McFeastMcFlurry's ghost, amateur HOFi


Innate Abilities, Weirdness & Mutations

You cannot wear most types of armour.
Your thick skin is tough. (AC +7)
You are too large for most types of armour.
You have claws for hands.
Your metabolism is lightning-fast.
You like to eat raw meat.
Your natural rate of healing is unusually fast.


Message History

You claw the ice beast!
The ice beast is severely wounded.
The ice beast barely misses you.
You closely miss the ice beast.
The ice beast is severely wounded.
The ice beast closely misses you.
You scratch the ice beast.
The ice beast is severely wounded.
The ice beast hits you but does no damage.
Unknown command.
You closely miss the ice beast.
The ice beast is severely wounded.
The ice beast hits you.
* * * LOW HITPOINT WARNING * * *
The ice beast freezes you!
* * * LOW HITPOINT WARNING * * *
You scratch the ice beast but do no damage.
The ice beast is severely wounded.
The ice beast hits you.
You die...

#.........#.# #..
###........#.. #..
##..........#.#
#..
#..........##..
#.>
######........##
#..
#...#.........#
#..
#...............
#..
#..#.............#
# #...@.........#
##..)Y........
##..###..... ##..
#... #.. #.. #...
.. #... ..(..


You could see an ice beast.

Vanquished Creatures
  Sigmund (D:2)
  A centaur (D:5)
  2 crimson imps (D:4)
  An orc priest (D:4)
  A centaur skeleton (D:4)
  3 orc wizards
  2 worker ants (D:4)
  Robin (D:2)
  6 adders
  An ooze (D:3)
  3 worms
  6 leopard geckos
  7 orcs
  A giant cockroach (D:1)
  5 hobgoblins
  2 jackals (D:4)
  A quokka (D:5)
  8 ball pythons
  4 bats
  4 frilled lizards
  6 goblins
  5 kobolds
  4 rats
75 creatures vanquished.

Notes
Turn   | Place    | Note
-------+----------+-------------------------------------------
     0 | D:1      | Morbidden the Troll Sloth Apostle began the quest for the
                  | Orb.
     0 | D:1      | Reached XP level 1. HP: 19/19 MP: 1/1
   649 | D:2      | Reached XP level 2. HP: 20/28 MP: 2/2
   902 | D:2      | Found a glowing golden altar of the Shining One.
  1208 | D:2      | Reached XP level 3. HP: 35/35 MP: 3/3
  1240 | D:2      | Noticed Sigmund
  1254 | D:2      | Killed Sigmund
  1254 | D:2      | Reached * piety under Cheibriados
  1254 | D:2      | Reached skill level 1 in Dodging
  1254 | D:2      | Reached skill level 3 in Unarmed Combat
  1254 | D:2      | Reached skill level 1 in Invocations
  1254 | D:2      | Gained mutation: Your natural rate of healing is unusually
                  | fast. [Troll growth]
  1254 | D:2      | Reached XP level 4. HP: 42/42 MP: 3/5
  1254 | D:2      | Reached XP level 5. HP: 49/49 MP: 3/6
  1423 | D:2      | Noticed Robin
  1429 | D:2      | Killed Robin
  1743 | D:3      | Reached XP level 6. HP: 59/59 MP: 7/7
  1753 | D:3      | Found a runed translucent door.
  1756 | D:3      | Noticed McFeastMcFlurry's ghost (amateur HOFi)
  2363 | D:4      | Found Ducvero's Armour Shop.
  2473 | D:4      | Reached skill level 4 in Unarmed Combat
  2547 | D:4      | Found a shadowy altar of Dithmenos.
  2548 | D:4      | Found a stormy altar of Qazlal.
  2569 | D:4      | Reached ** piety under Cheibriados
  2664 | D:4      | Found a burning altar of Makhleb.
  2664 | D:4      | Found a shimmering altar of Xom.
  2685 | D:4      | Reached XP level 7. HP: 44/66 MP: 9/9
  3069 | D:5      | Entered Level 5 of the Dungeon
  3109 | D:5      | Slain by an ice beast

Skill      XL: |  1  2  3  4  5  6 |
---------------+-------------------+-----
Stealth        | 2 |  2.6
Fighting       | 2 |  2.8
Dodging        | 1 2 |  2.5
Unarmed Combat | 3 4 |  4.4
Invocations    | 1 2 |  2.2
Spellcasting   | 2 |  2.2
Shields        | |  1.2
Hexes          | |  1.1
Evocations     | |  0.6

Action                   |  1- 3 |  4- 6 |  7- 9 || total
-------------------------+-------+-------+-------++-------
Melee: Unarmed           |    64 |   148 |    38 ||   250
Evoke: Wand              |     1 |       |       ||     1
  Use: Scroll            |       |     1 |       ||     1
 Stab: Sleeping          |     1 |     5 |     2 ||     8
       Paralysed         |     4 |       |       ||     4
  Eat: Chunk             |    13 |     8 |     2 ||    23
Armor: Skin              |    13 |    68 |    17 ||    98
Dodge: Dodged            |    25 |    84 |    16 ||   125
